 Dungeon Crawl Stone Soup version 0.28.0-49-g6dfe1f597d (webtiles) character file.

Game seed: 13684290378940094345

1257 Exodus22XD the Poker (level 8, -7/60 HPs)
             Began as a Demonspawn Gladiator on May 15, 2022.
             Was a Follower of Uskayaw.
             Mangled by a two-headed ogre
             ... wielding a +0 giant club
              (8 damage)
             ... on level 6 of the Dungeon.
             The game lasted 00:05:34 (6293 turns).

Exodus22XD the Poker (Demonspawn Gladiator)         Turns: 6293, Time: 00:05:34

Health: -7/60      AC: 13    Str: 18    XL:     8   Next: 27%
Magic:  0/11       EV:  8    Int:  9    God:    Uskayaw [*.....]
Gold:   295        SH:  4    Dex: 14    Spells: 7/7 levels left

rFire   . . .      SeeInvis .   a - +0 trident
rCold   . . .      Faith    .   (no shield)
rNeg    . . .      Spirit   +   j - +0 chain mail
rPois   .          Reflect  .   c - +0 helmet
rElec   .          Harm     .   f - +0 cloak
rCorr   .          Rampage  .   (no gloves)
Will    .....                   k - +0 pair of boots
Stlth   ..........              s - amulet of guardian spirit
HPRegen 0.20/turn               i - +4 ring of slaying
MPRegen 0.12/turn               (no ring)

@: mighty
A: large bone plates 1, powered by pain 1, weakness stinger 1
a: Renounce Religion, Stomp


You were on level 6 of the Dungeon.
You worshipped Uskayaw.
Uskayaw was noncommittal.
You visited 1 branch of the dungeon, and saw 6 of its levels.

You collected 295 gold pieces.

Inventory:

Hand Weapons
 a - a +0 trident (weapon)
Missiles
 d - 3 throwing nets (quivered)
Armour
 c - a +0 helmet (worn)
 f - a +0 cloak (worn)
 j - a +0 chain mail (worn)
 k - a +0 pair of boots (worn)
Jewellery
 i - a +4 ring of slaying (left hand)
 m - a ring of flight
 s - an amulet of guardian spirit (around neck)
Wands
 n - a wand of flame (16)
 o - a wand of paralysis (5)
Scrolls
 b - a scroll of enchant weapon {unknown}
 e - a scroll of magic mapping {unknown}
 g - a scroll of amnesia {unknown}
 h - 3 scrolls of teleportation {unknown}
 p - 2 scrolls of fear {unknown}
 u - a scroll of identify {unknown}
 v - a scroll of vulnerability {unknown}
 w - a scroll of noise {unknown}
Potions
 l - 2 potions of haste {unknown}
 q - a potion of might
 r - a potion of curing {unknown}
 t - 2 potions of flight {unknown}
 x - a potion of degeneration {unknown}


   Skills:
 + Level 3.8 Fighting
 + Level 5.8 Polearms
 + Level 1.8 Throwing
 + Level 4.2 Armour
 + Level 3.3 Dodging
 + Level 2.4 Stealth
 + Level 1.8 Shields
 * Level 4.5 Invocations


You had 7 spell levels left.
You didn't know any spells.
Your spell library contained the following spells:

 Spells                   Type           Power      Damage    Failure   Level
 Magic Dart               Conj           0%         1d3       99%         1
 Searing Ray              Conj           0%         2d4       100%        2
 Fulminant Prism          Conj/Hex       0%         3d6       100%        4


Dungeon Overview and Level Annotations

Branches:
Dungeon (6/15)
 Temple: D:4-7

Altars:
Dithmenos
Ru
Trog
Uskayaw
Xom


Innate Abilities, Weirdness & Mutations

You are partially covered in large bone plates. (SH +4)
You sometimes gain a little power by taking damage.
You have a small tail.


Message History

Aiming: Paralyse
Press: ? - help, Shift-Dir - straight line, f/p - two-headed ogre
Aim: a two-headed ogre, wielding two +0 giant clubs (lightly wounded, chance to affect: 31%)
Okay, then.
You puncture the two-headed ogre!
The two-headed ogre is moderately wounded.
The two-headed ogre hits you with a +0 giant club!
The two-headed ogre closely misses you.
You barely miss the two-headed ogre.
The two-headed ogre is moderately wounded.
The two-headed ogre hits you with a +0 giant club!
You focus on the pain.
You feel very mighty all of a sudden.
The two-headed ogre hits you with a +0 giant club!
Aiming: Paralyse
Press: ? - help, Shift-Dir - straight line, f/p - two-headed ogre
Aim: a two-headed ogre, wielding two +0 giant clubs (moderately wounded, chance to affect: 31%)
The two-headed ogre easily resists.
Aiming: Paralyse
Press: ? - help, Shift-Dir - straight line, f/p - two-headed ogre
Aim: a two-headed ogre, wielding two +0 giant clubs (moderately wounded, chance to affect: 31%)
The two-headed ogre easily resists.
The two-headed ogre hits you with a +0 giant club!
The two-headed ogre barely misses you.
Aiming: Paralyse
Press: ? - help, Shift-Dir - straight line, f/p - two-headed ogre
Aim: a two-headed ogre, wielding two +0 giant clubs (lightly wounded, chance to affect: 31%)
The two-headed ogre easily resists.
The two-headed ogre hits you with a +0 giant club!!
* * * LOW HITPOINT WARNING * * *
The two-headed ogre closely misses you.
Okay, then.
Aiming: Paralyse
Press: ? - help, Shift-Dir - straight line, f/p - two-headed ogre
Aim: a two-headed ogre, wielding two +0 giant clubs (lightly wounded, chance to affect: 31%)
The two-headed ogre easily resists.
The two-headed ogre hits you with a +0 giant club!
* * * LOW HITPOINT WARNING * * *
The two-headed ogre hits you with a +0 giant club!
You die...

### #.#.## #....##
#.# #.#.... ...#
#.##..# #..#. ..
#:##..# #........
#@##..###..#.# #..
#O##.........# #.#
##.##.....># #.#
#.<.......#######.#
#......#.......##.#
#......#.#..##....#
#.....##.##.#####..
#.....##.(#..# #..
#.......#.##.####.#


You could see a two-headed ogre.

Vanquished Creatures
  Grinder (D:5)
  Sigmund (D:3)
  A water moccasin (D:5)
  An ice beast (D:5)
  A scorpion (D:5)
  A centaur zombie (D:5)
  5 hounds
  2 orc priests
  A bullfrog skeleton (D:5)
  Ijyb (D:3)
  Terence (D:2)
  An iguana (D:4)
  5 orc wizards
  A hound zombie (D:5)
  7 adders
  2 gnolls (D:2)
  A howler monkey skeleton (D:5)
  An adder skeleton (D:5)
  A worm (D:4)
  2 dart slugs
  15 orcs
  A ball python (D:2)
  4 bats (D:1)
  5 endoplasms
  3 giant cockroaches
  5 hobgoblins
  6 frilled lizards (D:2)
  4 goblins
  4 kobolds (D:1)
  5 rats
89 creatures vanquished.

Notes
Turn   | Place    | Note
-------+----------+-------------------------------------------
     0 | D:1      | Exodus22XD the Demonspawn Gladiator began the quest for the
                  | Orb.
     0 | D:1      | Reached XP level 1. HP: 16/16 MP: 1/1
   303 | D:1      | Gained mutation: You sometimes gain a little power by
                  | taking damage. [demonic ancestry]
   303 | D:1      | Reached XP level 2. HP: 22/22 MP: 2/2
   693 | D:1      | Reached skill level 3 in Polearms
  1087 | D:2      | Noticed Terence
  1099 | D:2      | Killed Terence
  1100 | D:2      | Reached XP level 3. HP: 3/28 MP: 3/3
  1570 | D:2      | Reached skill level 1 in Armour
  1649 | D:2      | Found a faded altar of an unknown god.
  1676 | D:1      | Reached XP level 4. HP: 12/34 MP: 4/4
  3075 | D:3      | Reached skill level 1 in Stealth
  3090 | D:3      | Gained mutation: You are partially covered in large bone
                  | plates. (SH +4) [demonic ancestry]
  3090 | D:3      | Reached XP level 5. HP: 29/39 MP: 5/5
  3162 | D:3      | Reached skill level 4 in Polearms
  3210 | D:3      | Noticed Ijyb
  3230 | D:3      | Killed Ijyb
  3565 | D:3      | Found a hide-covered altar of Uskayaw.
  3570 | D:3      | Noticed Sigmund
  3573 | D:3      | Became a worshipper of Uskayaw the Reveller
  3580 | D:3      | Reached * piety under Uskayaw
  3583 | D:3      | Reached ** piety under Uskayaw
  3586 | D:3      | Killed Sigmund
  3587 | D:3      | Reached skill level 1 in Invocations
  3587 | D:3      | Reached XP level 6. HP: 30/47 MP: 5/7
  3589 | D:3      | Reached *** piety under Uskayaw
  5033 | D:4      | Gained mutation: You have a small tail. [demonic ancestry]
  5033 | D:4      | Reached XP level 7. HP: 46/52 MP: 9/9
  5262 | D:4      | Found a sacrificial altar of Ru.
  5264 | D:4      | Found an opulent altar of Gozag.
  5264 | D:4      | Found a shadowy altar of Dithmenos.
  5266 | D:4      | Found a hide-covered altar of Uskayaw.
  5266 | D:4      | Found a bloodstained altar of Trog.
  5266 | D:4      | Found a shimmering altar of Xom.
  5426 | D:5      | Entered Level 5 of the Dungeon
  5432 | D:5      | Reached skill level 1 in Shields
  5506 | D:5      | Reached skill level 5 in Polearms
  5742 | D:5      | Reached **** piety under Uskayaw
  5806 | D:5      | Reached XP level 8. HP: 59/59 MP: 9/11
  5827 | D:5      | Noticed Grinder
  5837 | D:5      | Killed Grinder
  6252 | D:6      | Noticed a two-headed ogre
  6293 | D:6      | HP: 1/60 [two-headed ogre/+0 giant club (8)]
  6293 | D:6      | Mangled by a two-headed ogre

Illustrated notes

Levels and vault maps discovered:
D:1:      dpeg_arrival_boxes_within_box, layout_loops_ring
D:2:      layout_basic, shapermc_ecumenical_altar_starsandcircs,
          minmay_lizard_pond, uniq_terence
D:3:      layout_basic, eat_drink_and_be_merry_uskayaw, serial_rivers,
          chequers_serial_rivers_large_b, chequers_serial_rivers_large_a,
          chequers_serial_rivers_micro_b, chequers_serial_rivers_micro_d,
          chequers_serial_rivers_marsh, serial_bayou_lagoon_a, uniq_ijyb,
          uniq_sigmund
D:4:      layout_basic, doesnt_xom_only_xom, nicolae_overflow_hidden_temple
D:5:      layout_cave_pools, uniq_grinder
D:6:      layout_rooms, minmay_temple_entry_wispy

Skill      XL: |  1  2  3  4  5  6  7  8 |
---------------+-------------------------+-----
Dodging        | 3 |  3.3
Polearms       | 3 4 5 |  5.8
Armour         | 1 3 4 |  4.2
Stealth        | 1 2 |  2.4
Fighting       | 3 |  3.8
Invocations    | 1 2 4 |  4.5
Shields        | 1 |  1.8
Throwing       | |  1.8

Action                   |  1- 3 |  4- 6 |  7- 9 || total
-------------------------+-------+-------+-------++-------
Melee: Trident           |    90 |   116 |    99 ||   305
       Punch             |       |     3 |     2 ||     5
       Tailslap          |       |       |    12 ||    12
Evoke: Wand              |       |       |     5 ||     5
  Use: Potion            |     1 |     1 |       ||     2
 Stab: Sleeping          |     2 |       |       ||     2
       Paralysed         |       |       |     8 ||     8
Armor: Leather armour    |     9 |       |       ||     9
       Ring mail         |     4 |       |       ||     4
       Chain mail        |    19 |    51 |    52 ||   122
Dodge: Dodged            |    26 |    32 |    25 ||    83
Block: Other             |       |     6 |    11 ||    17
